AoeStats
← Bugsibär

Arabia

509104154Analyzed
1v1 RM · 7d ago on Sep 25, 2026· 32m 53s· 2 players
Game mode
Random Map
Map size
Tiny (2 player)
Population
200
Speed
Normal
Resources
Standard
Victory
Conquest
Starting age
Dark Age
Ending age
Imperial Age
RankedLock teamsTeams togetherTeam positionsShared explorationLock speedFull tech treeHidden civsTurbo modeCheats
Victory
Defeat
🇩🇪 Poles · Germany
1760
+18
🇬🇷 Varangians · Greece
1802
-18
Bugsibär
6:18 Loom
8:41 Feudal Age
11:01 Double-Bit Axe
21:38 Castle Age
20:30 Fletching
20:52 Padded Archer Armor
20:41 Horse Collar
21:55 Elite Skirmisher
22:31 Bodkin Arrow
22:56 Bow Saw
23:20 Leather Archer Armor
25:20 Bloodlines
25:42 Husbandry
26:12 Gold Mining
28:45 Ballistics
29:30 Thumb Ring
31:48 Wheelbarrow
33:35 Hand Cart
Dr_Sandman
6:36 Loom
8:51 Feudal Age
8:57 Man-at-Arms
10:34 Arson
17:07 Double-Bit Axe
21:35 Castle Age
20:29 Scale Barding Armor
20:16 Fletching
21:08 Horse Collar
21:40 Bloodlines
21:38 Crossbowman
22:56 Bodkin Arrow
25:13 Scale Barding Armor
27:58 Husbandry
29:18 Chain Barding Armor
Connection lost

Rejoining the realm…

Still unreachable

The connection could not be restored.

Session expired

The server has moved on; the page needs a fresh start.